 Dungeon Crawl Stone Soup version 0.31-a0-702-gf82c85558f (webtiles) character file.

Game seed: 13085933688933617114

3309 Conn the Sneak (level 10, -2/65 (69) HPs)
             Began as an Octopode Delver on Sept 8, 2023.
             Was a Priest of Kikubaaqudgha.
             Slain by a wight
             ... wielding a +0 trident
              (3 damage)
             ... on level 7 of the Dungeon.
             The game lasted 00:34:15 (7555 turns).

Conn the Sneak (Octopode Delver)                    Turns: 7555, Time: 00:34:15

HP:   -2/65 (69)    AC: -3    Str: 12    XL:     10   Next: 1%
MP:   8/17          EV: 14    Int: 16    God:    Kikubaaqudgha [***...]
Gold: 176           SH:  0    Dex: 17    Spells: 3/19 levels left

rFire   . . .        y - +11 falchion of the Festooned God {freeze, rPois Dex+3}
rCold   . . .        q - orb {guile}
rNeg    . . .        (helmet restricted)
rPois   +            p - amulet of magic regeneration
rElec   .            (no ring)
rCorr   .            (no ring)
SInv    .            (no ring)
Will    .....        (no ring)
Stlth   +++++        (no ring)
HPRegen 0.30/turn    (no ring)
MPRegen 0.55/turn    (no ring)
                     (no ring)

%: no passive effects
@: about to teleport, corroded, drained
A: almost no armour, amphibious, 8 rings, camouflage 1, gelatinous body 1,
(nimble swimmer 1), tentacles
a: Renounce Religion, Unearth Wretches


You were on level 7 of the Dungeon.
You worshipped Kikubaaqudgha.
Kikubaaqudgha was most pleased with you.
You visited 1 branch of the dungeon, and saw 7 of its levels.
You also visited: Sewer and Bailey.

You collected 486 gold pieces.
You spent 310 gold pieces at shops.

Inventory:

Hand Weapons
 a - a +0 short sword
 n - a +1 dagger of holy wrath
 o - a +1 short sword of protection
 y - the +11 falchion of the Festooned God (weapon) {freeze, rPois Dex+3}
   (You found it on level 7 of the Dungeon)

   Dex+3:     It affects your dexterity (+3).
   rPois:     It protects you from poison
 z - the +1 great sword "Jastoje" {spect, Str+3}
   (You bought it in a shop on level 3 of the Dungeon)

   Str+3:     It affects your strength (+3).
Missiles
 f - a curare-tipped dart
 w - 2 throwing nets
Armour
 q - an orb of guile (worn)
Jewellery
 p - an amulet of magic regeneration (around mantle)
Wands
 r - a wand of quicksilver (8)
 t - a wand of roots (22)
 v - a wand of paralysis (4)
Scrolls
 b - 5 scrolls of fog
 g - 4 scrolls of identify
 h - a scroll of teleportation
 l - 4 scrolls of enchant armour
 u - 3 scrolls of immolation
Potions
 d - 2 potions of curing
 i - 2 potions of invisibility
 j - 4 potions of brilliance
 k - 3 potions of enlightenment
 m - a potion of mutation
Miscellaneous
 c - a tin of tremorstones (2/2)


   Skills:
 + Level 6.3 Fighting
 - Level 3.5(4.2) Short Blades
 * Level 3.3(4.0) Long Blades
 - Level 3.5 Dodging
 - Level 7.0 Stealth
 + Level 5.2 Spellcasting
 * Level 6.5 Necromancy
 * Level 6.5 Ice Magic


You had 3 spell levels left.
You knew the following spells:

 Your Spells              Type           Power      Damage    Failure   Level
a - Freeze                Ice            100%       1d10      1%          1
b - Simulacrum            Ice/Necr       12%        N/A       83%         6
c - Frozen Ramparts       Ice            50%        1d8       3%          3
d - Vampiric Draining     Necr           25%        2d7       3%          3
e - Hailstorm             Conj/Ice       14%        3d5       12%         3

Your spell library contained the following spells:

 Spells                   Type           Power      Damage    Failure   Level
 Necrotise                Necr           100%       1d9       1%          1
 Sublimation of Blood     Necr           25%        N/A       1%          2
 Dazzling Flash           Conj/Hex       8%         N/A       41%         3
 Volatile Blastmotes      Fire/Tloc      8%         2d10      41%         3
 Animate Dead             Necr           25%        N/A       10%         4
 Dispel Undead            Necr           25%        3d12      10%         4
 Anguish                  Hex/Necr       7%         N/A       36%         4
 Summon Ice Beast         Ice/Summ       14%        N/A       36%         4
 Death Channel            Necr           12%        N/A       83%         6
 Summon Mana Viper        Hex/Summ       4%         N/A       99%         5
 Starburst                Conj/Fire      2%         6d3       100%        6
 Monstrous Menagerie      Summ           2%         N/A       100%        7
 Ozocubu's Refrigeration  Ice            12%        4d10      100%        7
 Maxwell's Capacitive Co  Air            2%         ∞         100%        8
 Polar Vortex             Ice            12%        12d1*     100%        9


Dungeon Overview and Level Annotations

Branches:
Dungeon (7/15)             Temple (0/1) D:6           Sewer (visited)
 Bailey (visited)

Altars:
Kikubaaqudgha
Okawaru
Ru
Yredelemnul
Zin

Shops:
D:3 (


Innate Abilities, Weirdness & Mutations

You cannot wear most types of armour.
You are amphibious.
You can wear up to eight rings at the same time.
Your skin changes colour to match your surroundings (Stealth+).
Your rubbery body absorbs attacks. (AC +1, EV +1)
((You are camouflaged when in or above water. (Stealth+)))
You have tentacles for arms and can constrict up to eight enemies at once.


Message History

Okay, then.
Unknown command.
Okay, then.
Unknown command.
You release your grip on the wight.
As you read the scroll of teleportation, it crumbles to dust.
You feel strangely unstable.
Casting: Vampiric Draining (dangerous; 3% risk of failure)
Confirm with . or Enter, or press ? or * to list all spells.
Casting: Hailstorm (dangerous; 12% risk of failure)
Press: ? - help, Dir - look around, f - activate A cannonade of hail descends around you!
The hail pelts the sky beast!
The sky beast is moderately wounded.
The hail pelts the wight!
The wight partially resists.
The wight is almost destroyed.
The hail pelts the wight.
The wight partially resists.
The wight is almost destroyed.
The wight hits you from afar with a +0 trident.
* * * LOW HITPOINT WARNING * * *
Your magical contamination has completely faded away.
Unknown command.
Casting: Hailstorm (dangerous; 12% risk of failure)
Confirm with . or Enter, or press ? or * to list all spells.
Casting: Hailstorm (dangerous; 12% risk of failure)
Press: ? - help, Dir - look around, f - activate A cannonade of hail descends around you!
The hail pelts the wight but does no damage.
The wight is almost destroyed.
The hail pelts the wight!
The wight partially resists.
You destroy the wight!
Kikubaaqudgha accepts your kill.
The hail pelts the wight.
The wight partially resists.
The wight is moderately damaged.
The sky beast barely misses you.
The wight hits you from afar with a +0 trident!
* * * LOW HITPOINT WARNING * * *
You feel drained.
You die...
Kikubaaqudgha rasps: "You have failed me!
Welcome... death!"

.........##
.#####..#
#..# #..#
#.## . #.#
... #.#
.....#####
#.#####...
......Y@.#
#.........
.###..##.#
##..###.###
##..#z###..##
# ##
#..zz.D.## #
##.#.
####.####
#.#.#.. ##
#.....#
.#.#.#.. #
###...#
..#.#.#.#
#.##...
#.#.#...# #
..######


You could see a sky beast and 3 wights.

Vanquished Creatures
  Sigmund (D:3)
  A steam dragon (D:7)
  Edmund (D:6)
  An acid dragon (D:7)
  A water moccasin (D:7)
  9 orc warriors
  3 ogres
  A centaur (D:7)
  2 phantoms
  5 kobold brigands
  A bullfrog (D:7)
  A gnoll sergeant (D:6)
  A scorpion (D:4)
  A wight (D:7)
  4 orc priests
  7 hounds
  2 jellies (D:7)
  3 iguanas
  2 sleepcaps
  3 orc wizards
  4 gnolls (D:6)
  12 adders
  4 river rats
  A white imp (D:6)
  6 worms
  A dart slug (D:2)
  33 orcs
  5 bats
  3 endoplasms
  A giant cockroach (D:2)
  8 goblins
  3 hobgoblins (D:1)
  4 jackals (D:2)
  6 quokkas
  12 ball pythons
  4 frilled lizards
  4 kobolds
  7 rats
168 creatures vanquished.

Vanquished Creatures (others)
  A frilled lizard (D:5)
1 creature vanquished.

Grand Total: 169 creatures vanquished

Notes
Turn   | Place    | Note
-------+----------+-------------------------------------------
     0 | D:5      | Conn the Octopode Delver began the quest for the Orb.
     0 | D:5      | Reached XP level 1. HP: 16/16 MP: 1/1
     8 | D:5      | Noticed an iguana
    15 | D:5      | Killed an iguana
    16 | D:5      | Reached XP level 2. HP: 21/21 MP: 2/2
    16 | D:5      | Reached XP level 3. HP: 26/26 MP: 3/3
    94 | D:5      | Noticed a phantom
   218 | D:4      | Reached skill level 7 in Stealth
   218 | D:4      | Reached XP level 4. HP: 22/31 MP: 3/5
   279 | D:4      | Reached skill level 1 in Spellcasting
   426 | D:4      | Found a sacrificial altar of Ru.
   441 | D:4      | Noticed a scorpion
   486 | D:4      | Killed a scorpion
   487 | D:4      | Reached XP level 5. HP: 21/37 MP: 6/8
   773 | D:3      | Noticed Sigmund
   775 | D:3      | Killed Sigmund
   776 | D:3      | Reached XP level 6. HP: 36/43 MP: 8/10
   779 | D:3      | Found Asofuam's Antique Weapon Emporium.
  1387 | D:1      | Learned a level 6 spell: Simulacrum
  1428 | D:1      | Found a faded altar of an unknown god.
  1439 | D:1      | Prayed at the altar of an unknown god.
  1439 | D:1      | Became a worshipper of Kikubaaqudgha
  1439 | D:1      | Reached * piety under Kikubaaqudgha
  1439 | D:1      | Received a gift from Kikubaaqudgha
  2281 | D:3      | Learned a level 1 spell: Freeze
  2285 | D:3      | Learned a level 3 spell: Frozen Ramparts
  2597 | D:3      | Found a glowing silver altar of Zin.
  2680 | D:3      | Reached ** piety under Kikubaaqudgha
  3016 | D:4      | Reached XP level 7. HP: 49/49 MP: 11/11
  3200 | D:5      | Reached skill level 1 in Necromancy
  3200 | D:5      | Reached skill level 1 in Ice Magic
  4065 | D:6      | Reached XP level 8. HP: 51/54 MP: 10/13
  4279 | D:6      | Reached skill level 5 in Fighting
  4561 | D:6      | Found a staircase to the Ecumenical Temple.
  4666 | D:6      | Found a glowing drain.
  4676 | Sewer    | Entered a sewer
  5043 | D:6      | Found a basalt altar of Yredelemnul.
  5045 | D:6      | Noticed Edmund
  5056 | D:6      | Killed Edmund
  5060 | D:6      | Reached XP level 9. HP: 33/61 MP: 8/15
  5181 | D:6      | Found an iron altar of Okawaru.
  5538 | D:7      | Reached skill level 5 in Necromancy
  5538 | D:7      | Reached skill level 5 in Ice Magic
  5583 | D:7      | Noticed a manticore
  5588 | D:7      | Identified the +11 falchion of the Festooned God {freeze,
                  | rPois Dex+3}
  5792 | D:7      | Learned a level 3 spell: Vampiric Draining
  5800 | D:7      | Learned a level 3 spell: Hailstorm
  5833 | D:7      | Found a flagged portal.
  5842 | D:7      | Reached skill level 1 in Long Blades
  5844 | D:7      | Reached *** piety under Kikubaaqudgha
  5844 | D:7      | Received a gift from Kikubaaqudgha
  5850 | Bailey   | Entered a bailey
  6455 | Bailey   | Reached skill level 5 in Spellcasting
  7145 | D:3      | Bought an encrusted great sword for 310 gold pieces
  7145 | D:3      | Identified the +1 great sword "Jastoje" {spect, Str+3} (You
                  | bought it in a shop on level 3 of the Dungeon)
  7223 | D:7      | Identified the +0 ring mail "Suxe" {rElec rPois rF+ Int+3}
  7551 | D:7      | Reached XP level 10. HP: 27/69 MP: 11/17
  7555 | D:7      | HP: 1/67 [wight/+0 trident (10)]
  7555 | D:7      | Slain by a wight

Illustrated notes

Levels and vault maps discovered:
D:1:      minmay_arrival_shattered_statue, layout_basic,
          chequers_ecumenical_altar_simple
D:2:      layout_basic, kennysheep_boxes
D:3:      layout_loops_ring, zin_statuary, serial_shops, shop,
          kennysheep_generic_room_10, uniq_sigmund
D:4:      layout_basic, amcnicky_altar_gilded
D:5:      layout_rooms, chequers_serial_rivers_room_a
D:6:      layout_basic, yredelemnul_altar_generic, okawaru_metal_pillars_3,
          minmay_temple_entry_overgrown, lightli_sewer_entry_pipes, uniq_edmund
D:7:      minmay_the_grid_octo_tiled_octocenter
          [minmay_the_grid_octo_concentric, minmay_the_grid_octo_clover,
          minmay_the_grid_octo_focus, minmay_the_grid_octo_horde,
          minmay_the_grid_octo_prize_square_snowflake,
          minmay_the_grid_square_5x5_intrusive_squares,
          minmay_the_grid_square_5x5_inner_i, minmay_the_grid_square_5x5_c,
          minmay_the_grid_square_5x5_two_walls_a], layout_cave_pods,
          nicolae_uskayaw_suspiria, enter_bailey_5

Skill      XL: |  1  2  3  4  5  6  7  8  9 |
---------------+----------------------------+-----
Stealth        | 7 |  7.0
Spellcasting   | 2 3 4 5 |  5.2
Short Blades   | 3 |  3.5
Dodging        | 3 |  3.5
Fighting       | 4 5 6 |  6.3
Necromancy     | 2 4 6 |  6.5
Ice Magic      | 2 4 6 |  6.5
Long Blades    | 3 |  3.3

Action                     |  1- 3 |  4- 6 |  7- 9 | 10-12 || total
---------------------------+-------+-------+-------+-------++-------
  Melee: Short sword       |    11 |    90 |   159 |       ||   260
         Tentacles         |     2 |    27 |    54 |       ||    83
         Constrict         |     2 |    28 |    42 |     1 ||    73
         Dagger            |       |    44 |       |       ||    44
         Punch             |       |       |     2 |       ||     2
         Falchion          |       |       |    60 |     1 ||    61
  Throw: Dart              |       |       |     1 |       ||     1
   Cast: Freeze            |       |       |    31 |       ||    31
         Frozen Ramparts   |       |       |    14 |       ||    14
         Hailstorm         |       |       |    45 |     2 ||    47
         Vampiric Draining |       |       |     2 |       ||     2
 Invoke: Unearth Wretches  |       |       |     3 |       ||     3
  Evoke: Wand              |       |       |     4 |       ||     4
    Use: Scroll            |       |     9 |    11 |     1 ||    21
         Potion            |       |     1 |    10 |       ||    11
   Stab: Sleeping          |     1 |    23 |    26 |       ||    50
         Distracted        |       |     1 |     1 |       ||     2
         Invisible         |       |       |     1 |       ||     1
 Armour: Skin              |     4 |    57 |   161 |     3 ||   225
  Dodge: Dodged            |     7 |    73 |   140 |     2 ||   222

Table legend: (Time is in decaauts)
 A = Elapsed time spent in this place.
 B = Non-inter-level travel time spent in this place.
 C = Inter-level travel time spent in this place.
 D = Time resting spent in this place.
 E = Time spent auto-exploring this place.
 F = Levels seen in this place.
 G = Mean time per level.
                   A        B        C        D        E       F      G
               +--------+--------+--------+--------+--------+-----+--------+
         Total |   7488 |   7196 |    292 |    617 |   3975 |   9 |  832.0 |
       Dungeon |   5973 |   5681 |    292 |    462 |   3370 |   7 |  853.3 |
         Sewer |    305 |    305 |      0 |      0 |     56 |   1 |  305.0 |
        Bailey |   1210 |   1210 |      0 |    155 |    549 |   1 | 1210.0 |
               +--------+--------+--------+--------+--------+-----+--------+

Top non-repeatable levels by time:
     D:6: 1255 daAuts
  Bailey: 1210 daAuts
     D:4: 1006 daAuts
     D:3: 805 daAuts
     D:5: 782 daAuts
     D:1: 735 daAuts
     D:2: 701 daAuts
     D:7: 687 daAuts
   Sewer: 305 daAuts
